 Dungeon Crawl Stone Soup version 0.31.0-11-ge490571c62 (webtiles) character file.

Game seed: 9915278277692254926

114 qw the Ducker (level 4, 0/23 HPs)
             Began as a Spriggan Hunter on Feb 4, 2024.
             Was an Initiate of Okawaru.
             Slain by an adder (1 damage)
             ... on level 3 of the Dungeon.
             The game lasted 00:00:06 (1914 turns).

qw the Ducker (Spriggan Hunter)                     Turns: 1914, Time: 00:00:06

Health: 0/23       AC:  2    Str:  7    XL:     4   Next: 66%
Magic:  5/5        EV: 20    Int: 10    God:    Okawaru [......]
Gold:   141        SH:  0    Dex: 20    Spells: 3/3 levels left

rFire   . . .        a - +0 shortbow
rCold   . . .        (shield currently unavailable)
rNeg    . . .        c - +0 robe
rPois   .            (helmet restricted)
rElec   .            (no cloak)
rCorr   .            (gloves unavailable)
SInv    +            (boots unavailable)
Will    .....        (no amulet)
Stlth   ++           (no ring)
HPRegen 0.23/turn    (no ring)
MPRegen 0.09/turn

%: no passive effects
@: very quick
A: very small, no large weapons, unfitting armour, see invisible, speed 3
a: Renounce Religion


You were on level 3 of the Dungeon.
You worshipped Okawaru.
Okawaru was noncommittal.
You visited 1 branch of the dungeon, and saw 3 of its levels.

You collected 141 gold pieces.


Innate Abilities, Weirdness & Mutations

You are very small and have problems with some larger weapons.
You are too small for most types of armour.
You have supernaturally acute eyesight. (SInv)
You cover ground extremely quickly. (Speed+++)


   Skills:
 + Level 1.6 Fighting
 - Level 5.0 Ranged Weapons
 - Level 5.2 Dodging
 - Level 1.5 Stealth


You had 3 spell levels left.
You didn't know any spells.
Your spell library was empty.

Inventory:

Hand Weapons
 a - a +0 shortbow (weapon)
Armour
 c - a +0 robe (worn)
Wands
 e - a wand of quicksilver (13)
Potions
 d - a potion of attraction {unknown}
 f - a potion of brilliance {unknown}
 h - a potion of lignification {unknown}
 i - a potion of curing {unknown}

Dungeon Overview and Level Annotations

Branches:
Dungeon (3/15)

Altars:
Okawaru


Message History

The orc priest is moderately wounded.
You shoot an arrow.
The arrow hits the orc priest but does no damage.
The orc priest is moderately wounded.
The orc priest mumbles some strange prayers to Beogh against you.
Beogh smites you!
Ouch! That really hurt!
You shoot an arrow.
The arrow closely misses the orc priest.
The arrow completely misses the orc.
You shoot an arrow.
The arrow closely misses the orc priest.
The arrow hits the orc.
The orc is lightly wounded.
The orc priest miscasts a cantrip.
You shoot an arrow. The arrow hits the orc priest.
The orc priest is moderately wounded.
An adder comes into view.
You shoot an arrow. The arrow closely misses the orc.
The arrow hits the orc.
The orc is moderately wounded.
A rat comes into view.
You shoot an arrow. The rat squeaks loudly.
The arrow hits the orc!
You kill the orc!
Okawaru accepts your kill.
You shoot an arrow.
The arrow closely misses the orc priest.
The orc shouts!
The arrow hits the adder but does no damage.
The orc misses you. The orc priest misses you.
You shoot an arrow. The arrow hits the orc priest.
The orc priest is severely wounded.
The orc hits you with a +0 mace.
The orc priest hits you with a +0 dagger.
You shoot an arrow. The arrow hits the orc priest.
The orc priest is severely wounded.
The adder misses you. The orc priest misses you. The orc closely misses you.
The adder bites you.
You die...

#### #....... #....... ..#
#...... ..#####+###+#
#...... ..##.........
#.....# #.##.........
####.....# #.##.........
.........#####.##.........
........S#...#.##.........
.....ro.o@.#.#.##.........
......##o.......#.........
..... #.#.#<#....%#######
o.o. #.#.....###)#######
o.. #.#########.)...... ..
... <.............> # ###
############... #... #...


You could see an orc priest, an adder, 2 orcs and a rat.

Vanquished Creatures
  2 orc wizards (D:3)
  An adder (D:3)
  A dart slug (D:2)
  3 orcs
  6 ball pythons
  6 bats
  2 endoplasms
  3 giant cockroaches
  2 goblins
  A hobgoblin (D:1)
  6 jackals
  7 kobolds
  A quokka (D:3)
  A frilled lizard (D:2)
  4 rats
46 creatures vanquished.

Notes
Turn   | Place    | Note
-------+----------+-------------------------------------------
     0 | D:1      | qw the Spriggan Hunter began the quest for the Orb.
     0 | D:1      | Reached XP level 1. HP: 10/10 MP: 2/2
     0 | D:1      | 0 ||| qw: Version: 0.3-a-160-g6735b56
     0 | D:1      | 0 ||| qw: Game counter: 4800
     0 | D:1      | 0 ||| qw: Melee chars always use a shield: true
     0 | D:1      | 0 ||| qw: God list: Okawaru
     0 | D:1      | 0 ||| qw: Allow faded altars: false
     0 | D:1      | 0 ||| qw: Do Orc after clearing Dungeon:15 true
     0 | D:1      | 0 ||| qw: Do second Lair branch before Depths: true
     0 | D:1      | 0 ||| qw: Lair rune preference: random
     0 | D:1      | 0 ||| qw: Goals: Normal
     0 | D:1      | 0 ||| PLANNING D:1-11
    71 | D:1      | Reached skill level 3 in Dodging
   234 | D:1      | Reached XP level 2. HP: 11/14 MP: 3/3
   800 | D:1      | 800 ||| READING scroll labelled HOXOEGONITH.
   803 | D:1      | 803 ||| READING scroll labelled ROOMAKILAK.
   804 | D:1      | 804 ||| READING scroll labelled LIUGOL XEUTASM.
   804 | D:1      | 804 ||| IDENTIFYING 2 golden potions
   805 | D:1      | 805 ||| READING scroll labelled GASUIG ZEAZATI.
   806 | D:1      | 806 ||| DROPPING scroll of butterflies.
   807 | D:1      | 807 ||| DROPPING 2 potions of degeneration.
   948 | D:2      | Reached XP level 3. HP: 18/18 MP: 4/4
  1091 | D:2      | Found a faded altar of an unknown god.
  1534 | D:2      | 1534 ||| READING 2 scrolls of identify.
  1534 | D:2      | 1534 ||| IDENTIFYING smoky pink potion
  1535 | D:2      | 1535 ||| READING scroll of identify.
  1535 | D:2      | 1535 ||| IDENTIFYING fizzy emerald potion
  1536 | D:2      | 1536 ||| READING scroll labelled SISHUU OSHUY.
  1537 | D:2      | 1537 ||| DROPPING potion of invisibility.
  1684 | D:3      | HP: 4/18 [poisoned by an adder]
  1685 | D:3      | 1685 ||| DRINKING potion of heal wounds.
  1721 | D:3      | Found an iron altar of Okawaru.
  1722 | D:3      | 1722 ||| PLANNING OKAWARU WORSHIP
  1722 | D:3      | 1722 ||| READING scroll labelled JUS NICKUOZUMM.
  1722 | D:3      | 1722 ||| ENCHANTING +0 shortbow.
  1726 | D:3      | Became a worshipper of Warmaster Okawaru
  1727 | D:3      | 1727 ||| PLANNING D:1-11
  1804 | D:3      | Reached XP level 4. HP: 7/22 MP: 5/5
  1805 | D:3      | HP: 5/22 [orc wizard/+0 dagger (1)]
  1901 | D:3      | 1901 ||| FLEEEEING.
  1902 | D:3      | 1902 ||| FLEEEEING.
  1906 | D:3      | HP: 1/22 [orc priest/divine providence (15)]
  1913 | D:3      | HP: 2/23 [orc/+0 mace (1)]
  1914 | D:3      | Slain by an adder

Levels and vault maps discovered:
D:1:      lightli_arrival_noodles, layout_basic
D:2:      layout_loops_ring, shapermc_ecumenical_altar_mp_ritualfount,
          amethyst_killhole
D:3:      layout_basic, mainiacjoe_overflow_six_doors_small,
          kennysheep_minor_cross

Skill      XL: |  1  2  3  4 |
---------------+-------------+-----
Dodging        | 3 4 5 |  5.2
Ranged Weapons | 5 |  5.0
Fighting       | |  1.6
Stealth        | |  1.5

Action                     |  1- 3 |  4- 6 || total
---------------------------+-------+-------++-------
   Fire: Shortbow          |   116 |    22 ||   138
    Use: Scroll            |     8 |       ||     8
         Potion            |     1 |       ||     1
 Armour: Robe              |    21 |     7 ||    28
  Dodge: Dodged            |    49 |    17 ||    66

Table legend:
 A = Non-vault XP
 B = Vault XP
 C = Vault XP percentage of total XP
 D = Non-vault monster count
 E = Vault monster count
 F = Vault count percentage of total count
                 A         B        C        D         E       F
            +---------+---------+-------+---------+---------+-------
      Total |     163 |       0 |   0.0 |      46 |       0 |   0.0
            +---------+---------+-------+---------+---------+-------
        D:1 |      29 |       0 |   0.0 |      17 |       0 |   0.0
        D:2 |      30 |       0 |   0.0 |      16 |       0 |   0.0
        D:3 |     104 |       0 |   0.0 |      13 |       0 |   0.0
            +---------+---------+-------+---------+---------+-------
